 Dungeon Crawl Stone Soup version 0.22.1 (webtiles) character file.

61 Folque the Charlatan (level 3, -4/27 HPs)
             Began as a Demonspawn Artificer on Sept 19, 2018.
             Slain by a gnoll
             ... wielding a +0 spear
              (6 damage)
             ... on level 2 of the Dungeon.
             The game lasted 00:04:12 (2378 turns).

Folque the Charlatan (Demonspawn Artificer)         Turns: 2378, Time: 00:04:13

Health: -4/27      AC:  3    Str: 12    XL:     3   Next: 83%
Magic:  5/5        EV: 13    Int: 12    God:
Gold:   52         SH:  0    Dex: 16    Spells: 2/2 levels left

rFire    . . .     SeeInvis .   a - +0 short sword
rCold    . . .     Gourm    .   (no shield)
rNeg     . . .     Faith    .   b - +0 leather armour
rPois    .         Spirit   .   (helmet restricted)
rElec    .         Reflect  .   (no cloak)
rCorr    .         Harm     .   (no gloves)
MR       .....                  (no boots)
Stlth    ++........             (no amulet)
HPRegen  0.09/turn              (no ring)
MPRegen  0.09/turn              (no ring)

@: no status effects
A: antennae 1, thin skeletal structure 1
a: no special abilities


You were on level 2 of the Dungeon.
You were not hungry.

You visited 1 branch of the dungeon, and saw 2 of its levels.

You collected 52 gold pieces.

Inventory:

Hand Weapons
 a - a +0 short sword (weapon)
 i - a +0 hunting sling
Missiles
 n - 21 stones (quivered)
Armour
 b - a +0 leather armour (worn)
Wands
 c - a wand of flame (12)
 d - a wand of enslavement (15)
 e - a wand of random effects (10)
Scrolls
 j - 2 scrolls of remove curse {unknown}
Potions
 g - a potion of flight {unknown}
 h - 2 potions of ambrosia {unknown}
 k - a potion of magic
 l - a potion of heal wounds {unknown}
 m - a potion of curing {unknown}
Comestibles
 f - 4 rations
 o - a chunk of flesh


   Skills:
 + Level 1.9 Fighting
 - Level 0.8 Short Blades
 * Level 2.9 Dodging
 - Level 1.0 Stealth
 * Level 3.6 Evocations


You had 2 spell levels left.
You didn't know any spells.
Your spell library was empty.

Dungeon Overview and Level Annotations

Branches:
Dungeon (2/15)

Altars:
Kikubaaqudgha


Innate Abilities, Weirdness & Mutations

You have a pair of small antennae on your head.
You have a somewhat thin skeletal structure. (Dex +2, Stealth)


Message History

Press: ? - help, Shift-Dir - straight line, f - gnoll
Aim: a gnoll, wielding a spear The gnoll flickers and vanishes!
Deactivating autopickup; reactivate with Ctrl-A.
Something hits you but does no damage.
Evoke which item? (* to show all) (? for menu, Esc to quit)
Aiming: Random Effects
Press: ? - help, Shift-Dir - straight line, f - gnoll
Aim: a gnoll, wielding a club The fireball explodes!
The fireball engulfs something.
The fireball engulfs the gnoll.
The gnoll is almost dead.
You hear a shout!
Something hits you! Something hits you!
* * * LOW HITPOINT WARNING * * *
You closely miss something. Something hits you!
* * * LOW HITPOINT WARNING * * *
It was a potion of magic.
Magic courses through your body. Something hits you.
You die...

#..........# ...
#.##>......##.. #
#..##....##..# ?# <.
##.##....##..##..# ..
#####.##............#
.#
#..<#.##............#
###.###
#............g)......
#......
#.....).#####{#......
#......
#.......#####@# .....
#...g..
#.............# ....
#.<.g..
#.............# g..
#.g....
#.......#...... ..
........
##.............#.
...#......
#.....###.###..#..
.......>.... #.P..†.#
#......#
.........#..##
#........#..##...
..... ... ..#
#P...#....# .##..#
.....##. ..#


You could see a gnoll.

Vanquished Creatures
  3 gnolls
  An ooze (D:1)
  A dart slug (D:1)
  A leopard gecko (D:1)
  A giant cockroach (D:1)
  A hobgoblin (D:1)
  5 kobolds
  3 bats
  2 frilled lizards (D:1)
  6 goblins
  3 rats (D:1)
27 creatures vanquished.

Notes
Turn   | Place    | Note
-------+----------+-------------------------------------------
     0 | D:1      | Folque the Demonspawn Artificer began the quest for the
                  | Orb.
     0 | D:1      | Reached XP level 1. HP: 15/15 MP: 3/3
    67 | D:1      | Reached skill level 1 in Stealth
   692 | D:1      | Gained mutation: You have a pair of small antennae on your
                  | head. [demonic ancestry]
   692 | D:1      | Reached XP level 2. HP: 13/21 MP: 4/4
  1603 | D:1      | Gained mutation: You have a somewhat thin skeletal
                  | structure. (Dex +2, Stealth) [demonic ancestry]
  1603 | D:1      | Reached XP level 3. HP: 6/26 MP: 5/5
  2325 | D:2      | Found an ancient bone altar of Kikubaaqudgha.
  2377 | D:2      | HP: 1/27 [something (7)]
  2378 | D:2      | Slain by a gnoll

Skill      XL: |  1 |
---------------+----+-----
Stealth        | 1 |  1.0
Dodging        | 2 |  2.9
Fighting       | |  1.9
Short Blades   | |  0.8
Evocations     | |  3.6

Action                   || total
-------------------------++-------
Melee: Short sword       ||   112
 Fire: Hunting sling     ||     1
Evoke: Wand              ||     8
  Use: Potion            ||     1
 Stab: Sleeping          ||     2
       Paralysed         ||     4
  Eat: Chunk             ||     5
Armor: Leather armour    ||    23
Dodge: Dodged            ||    61
